Map: [ESL] Oceanborn

Players

gumiho

  • Race: Terran Terran
  • Spawn Location: 11:00

Strange - Winner!

  • Race: Protoss Protoss
  • League: Grandmaster
  • Spawn Location: 5:00

Event: IEM Katowice 2024

VOD

Have the link to the VOD?

Description

Time

  • Played on: Dec. 8, 2023, 1:28 p.m.
  • Length: 14:11

All games in this series

Show
View Real Time Build Order
Export as new Build Order

gumiho Terran 

Build Orders:  

Get SALT Encoding   

  12  0:00  SCV  
  13  0:12  SCV  
  14  0:17  Supply Depot  
  14  0:24  SCV  
  15  0:38  SCV  
  15  0:40  Barracks  
  16  0:42  Refinery  
  16  0:51  SCV  
  16  0:52  Refinery  
  17  1:03  SCV  
  18  1:15  SCV  
  19  1:27  Orbital Command, Reaper  
  19  1:31  Supply Depot  
  20  1:39  Factory  
  20  1:53  SCV  
  21  2:00  Reaper  
  22  2:05  SCV  
  23  2:16  Command Center  
  23  2:19  SCV  
  24  2:23  Hellion  
  26  2:31  SCV  
  26  2:32  Reaper  
  26  2:35  Supply Depot  
  28  2:43  SCV  
  29  2:44  Hellion  
  31  2:51  Starport  
  31  2:57  SCV  
  32  3:04  Barracks Reactor  
  32  3:06  Factory Tech Lab  
  32  3:09  SCV  
  33  3:21  SCV  
  33  3:25  Siege Tank  
  35  3:36  Medivac  
  35  3:40  Marine x2  
  39  3:43  SCV  
  40  3:49  Orbital Command  
  40  3:55  SCV  
  39  3:58  Command Center  
  39  3:59  Siege Tank  
  39  4:01  Marine x2  
  44  4:07  Starport Tech Lab, SCV  
  45  4:13  Refinery  
  45  4:16  Supply Depot  
  45  4:18  SCV  
  45  4:20  SCV  
  47  4:26  Marine x2  
  49  4:32  Raven  
  49  4:33  SCV x2  
  53  4:43  Marine  
  53  4:44  Marine  
  53  4:45  SCV x2  
  57  4:52  Barracks  
  57  4:54  Barracks, Siege Tank  
  57  4:57  SCV x2  
  62  5:09  Marine  
  62  5:11  Marine  
  60  5:14  SCV x2  
  60  5:20  Raven, Interference Matrix  
  64  5:25  Barracks  
  64  5:26  SCV x2, Refinery  
  66  5:30  Barracks, Marine x2  
  68  5:36  Orbital Command  
  68  5:38  SCV x2  
  68  5:40  Siege Tank  
  73  5:43  Barracks Reactor  
  73  5:44  Barracks Tech Lab  
  73  5:50  Supply Depot  
  73  5:51  SCV  
  73  5:53  Supply Depot, SCV  
  73  5:54  Marine  
  76  6:00  Marine  
  77  6:04  SCV  
  77  6:08  SCV  
  77  6:12  SCV, Marine  
  77  6:14  Engineering Bay  
  77  6:15  Engineering Bay  
  77  6:16  SCV, Marine  
  77  6:17  Stimpack  
  81  6:23  SCV  
  81  6:24  SCV  
  83  6:29  Barracks Reactor  
  83  6:30  SCV  
  83  6:31  Factory Reactor  
  84  6:35  SCV  
  84  6:36  Marauder  
  84  6:41  SCV  
  84  6:42  SCV  
  84  6:43  Marine x2  
  84  6:45  Combat Shield  
  90  6:51  SCV  
  90  6:53  SCV  
  92  6:56  Starport Reactor  
  92  6:57  Terran Infantry Weapons Level 1, SCV  
  92  7:00  Terran Infantry Armor Level 1  
  92  7:01  Supply Depot  
  93  7:02  Supply Depot  
  93  7:03  SCV  
  92  7:09  Supply Depot x2  
  92  7:14  Missile Turret  
  92  7:15  Missile Turret  
  92  7:17  Bunker, SCV x3  
  92  7:18  Refinery x2  
  92  7:19  Marauder x2  
  92  7:20  Missile Turret  
  99  7:29  SCV x2  
  102  7:30  SCV  
  102  7:31  Missile Turret  
  102  7:32  Missile Turret, Concussive Shells  
  102  7:33  Medivac x2  
  102  7:35  Missile Turret  
  106  7:37  Marauder  
  106  7:38  Widow Mine  
  106  7:40  Marauder  
  106  7:41  Widow Mine  
  106  7:43  SCV x2  
  116  7:48  Marine x3  
  116  7:49  Marine  
  120  7:52  Missile Turret  
  120  7:58  Supply Depot  
  120  7:59  Supply Depot  
  120  8:00  Armory, SCV x2  
  120  8:02  Widow Mine  
  120  8:03  Widow Mine  
  120  8:04  Medivac  
  128  8:07  Medivac  
  130  8:15  Command Center  
  132  8:20  Marauder x2  
  132  8:21  Marauder  
  132  8:23  Marine  
  132  8:24  Marine, Supply Depot  
  138  8:29  Widow Mine x2  
  138  8:32  Missile Turret  
  138  8:33  SCV x3  
  144  8:42  Marauder x2, Ghost Academy  
  144  8:46  Marauder  
  150  8:53  Viking x2  
  150  8:54  Terran Infantry Weapons Level 2  
  150  8:55  Supply Depot x2  
  154  8:56  Supply Depot  
  154  8:59  Terran Infantry Armor Level 2  
  154  9:00  Terran Ship Weapons Level 1  
  154  9:13  Sensor Tower  
  154  9:15  Ghost  
  154  9:16  Ghost x2  
  160  9:17  Missile Turret  
  160  9:26  Barracks  
  160  9:27  Barracks x2  
  160  9:30  Viking x2  
  160  9:41  Marine x2  
  160  9:43  Ghost  
  160  9:45  Marauder x2  
  166  9:50  Marine x2  
  168  9:55  SCV x2  
  168  9:56  SCV  
  168  9:59  Viking  
  169  10:00  Viking  
  169  10:04  Widow Mine x2  
  169  10:06  Ghost x2  
  181  10:12  Ghost  
  178  10:21  Planetary Fortress  
  178  10:23  Marine x4  
  182  10:35  Marauder x2  
  168  10:39  Viking x2  
  156  10:43  Marauder  
  156  10:45  Orbital Command  
  156  10:46  Marine x2  
  156  10:49  Marine  
  152  10:56  Marauder x2  
  135  10:58  SCV x2  
  113  11:05  Marine x2  
  113  11:06  Marauder  
  113  11:08  Marine x2  
  113  11:09  Viking x2  
  113  11:10  SCV  
  113  11:11  SCV x2  
  125  11:13  Widow Mine x2  
  125  11:14  Barracks Tech Lab x2  
  125  11:15  Marine x2  
  125  11:17  Terran Infantry Weapons Level 3, Marine  
  125  11:18  Marauder  
  135  11:23  Marine x2, SCV x3  
  140  11:26  Marine  
  140  11:27  Marauder  
  140  11:30  SCV  
  144  11:32  Marine  
  144  11:33  Marauder x2, Marine  
  144  11:35  SCV x2  
  144  11:39  Sensor Tower  
  152  11:40  Marine  
  152  11:42  Marine  
  152  11:43  SCV  
  152  11:44  Marine x2  
  157  11:47  Marauder  
  157  11:49  Marine x2  
  157  11:51  Marine x2  
  163  11:55  Marauder x2  
  163  11:58  SCV, Marine  
  163  11:59  SCV  
  163  12:00  Marine  
  171  12:04  Medivac x2  
  174  12:09  Marine  
  174  12:11  Marine x2  
  175  12:17  Supply Depot  
  175  12:18  Supply Depot, Marauder  
  177  12:24  Missile Turret  
  177  12:34  Marine, Medivac  
  180  12:38  Marauder x2, Medivac, Marine x2  
  180  12:39  Marine x3  
  180  12:40  Marauder  
  193  12:55  Marauder, Marine  
  193  12:56  Marine x2  
  196  12:58  Marine x2  
  196  13:00  Marauder x2  
  196  13:10  Command Center  
  196  13:13  Supply Depot  
  196  13:23  Viking  
  196  13:26  Viking, Marauder  
  194  13:32  Marauder  
  149  13:36  Marauder, Marine x3  
  149  13:38  Marauder x2  
  138  13:41  Marine x3  
  138  13:48  Marauder  
Show
View Real Time Build Order
Export as new Build Order

Strange Protoss - Winner!

Build Orders: 1 Gate Expand, Oracle Opening, Colossus Rush 

Get SALT Encoding   

  12  0:00  Probe  
  13  0:12  Probe  
  14  0:16  Pylon  
  14  0:24  Probe (Chrono Boost)  
  16  0:36  Probe (Chrono Boost)  
  16  0:37  Gateway  
  16  0:43  Probe (Chrono Boost)  
  16  0:45  Assimilator  
  17  0:51  Probe  
  18  1:03  Probe  
  19  1:15  Probe  
  20  1:24  Cybernetics Core  
  20  1:31  Nexus  
  20  1:35  Pylon  
  20  1:38  Probe  
  21  1:43  Assimilator  
  21  1:50  Probe  
  22  1:59  Sentry (Chrono Boost)  
  24  2:03  Probe  
  24  2:08  Shield Battery  
  25  2:11  Oracle, Warp Gate  
  25  2:14  Adept (Chrono Boost)  
  25  2:15  Probe  
  28  2:22  Shield Battery  
  28  2:27  Probe  
  29  2:34  Stalker (Chrono Boost)  
  31  2:42  Probe  
  31  2:43  Probe  
  33  2:55  Robotics Facility, Probe (Chrono Boost)  
  33  2:57  Probe (Chrono Boost)  
  35  3:04  Stalker  
  37  3:07  Probe (Chrono Boost)  
  37  3:12  Probe (Chrono Boost)  
  39  3:14  Gateway, Probe (Chrono Boost)  
  39  3:19  Probe  
  41  3:23  Probe  
  42  3:32  Probe (Chrono Boost)  
  42  3:35  Probe (Chrono Boost)  
  43  3:43  Pylon  
  43  3:47  Probe (Chrono Boost)  
  45  3:48  Probe (Chrono Boost)  
  45  3:50  Observer (Chrono Boost)  
  45  3:52  Assimilator x2  
  46  3:56  Pylon  
  46  3:58  Robotics Bay  
  46  4:01  Probe x2  
  48  4:06  Immortal (Chrono Boost)  
  52  4:13  Probe x2  
  54  4:19  Stalker x2  
  58  4:25  Probe x2  
  58  4:27  Pylon  
  60  4:33  Pylon  
  60  4:37  Probe x2  
  62  4:47  Nexus  
  62  4:53  Probe x2  
  62  4:58  Colossus (Chrono Boost)  
  64  5:05  Observer, Probe x2  
  70  5:11  Observer  
  70  5:13  Stalker  
  70  5:14  Stalker  
  70  5:17  Probe x2  
  70  5:20  Observer  
  70  5:21  Pylon  
  72  5:23  Pylon  
  72  5:29  Probe x2  
  72  5:31  Extended Thermal Lance  
  74  5:40  Forge  
  74  5:41  Probe  
  74  5:42  Probe  
  76  5:44  Sentry  
  76  5:45  Sentry  
  76  5:46  Shield Battery  
  76  5:48  Observer  
  80  5:51  Colossus (Chrono Boost)  
  88  5:58  Probe x2 (Chrono Boost)  
  88  6:01  Probe (Chrono Boost)  
  89  6:06  Protoss Ground Weapons Level 1 (Chrono Boost)  
  89  6:09  Observer  
  92  6:11  Probe (Chrono Boost)  
  92  6:12  Probe x2 (Chrono Boost)  
  92  6:14  Twilight Council  
  92  6:18  Probe  
  92  6:19  Probe  
  92  6:20  Forge, Probe  
  92  6:24  Zealot x2  
  99  6:27  Pylon  
  99  6:30  Pylon, Probe  
  100  6:36  Colossus (Chrono Boost)  
  106  6:44  Pylon  
  106  6:45  Pylon  
  106  6:48  Gateway  
  106  6:50  Gateway  
  106  6:52  Charge  
  105  7:02  Nexus  
  105  7:03  Shield Battery  
  105  7:09  Probe x2  
  105  7:10  Protoss Ground Armor Level 1 (Chrono Boost), Probe  
  105  7:14  Pylon  
  105  7:15  Gateway, Pylon  
  108  7:18  Gateway  
  108  7:21  Colossus (Chrono Boost)  
  114  7:31  Pylon  
  114  7:32  Gateway  
  114  7:33  Gateway  
  114  7:36  Gateway  
  114  7:37  Gateway  
  114  7:40  Templar Archives  
  114  7:46  Protoss Ground Weapons Level 2 (Chrono Boost), Zealot x2  
  114  7:47  Zealot  
  120  7:51  Pylon  
  120  7:52  Zealot  
  122  7:58  Photon Cannon  
  122  8:11  Immortal (Chrono Boost), Probe x3  
  129  8:14  Probe  
  130  8:23  Probe  
  131  8:28  Probe x3  
  131  8:29  High Templar x2  
  131  8:30  Zealot x2  
  131  8:32  Blink  
  142  8:35  Archon  
  142  8:41  Zealot x2, Stalker x4  
  150  8:43  Warp Prism (Chrono Boost)  
  150  8:46  Protoss Ground Armor Level 2 (Chrono Boost)  
  156  8:58  Zealot x2, Pylon  
  160  9:03  Pylon  
  160  9:04  Zealot x4  
  160  9:05  Zealot x3  
  174  9:16  Colossus (Chrono Boost)  
  180  9:18  Nexus  
  180  9:31  Stalker x5  
  180  9:34  Photon Cannon  
  188  9:43  Photon Cannon  
  184  9:56  Zealot x2  
  184  9:57  Zealot x6  
  194  10:18  Zealot x9  
  194  10:20  Zealot  
  194  10:35  Colossus (Chrono Boost)  
  166  10:41  Zealot x10  
  120  11:01  Protoss Ground Armor Level 3 (Chrono Boost), Protoss Ground Weapons Level 3 (Chrono Boost)  
  98  11:08  Zealot x4, Stalker x4  
  98  11:09  Zealot x2  
  118  11:17  Pylon  
  118  11:19  Probe x2  
  118  11:21  Probe x2  
  118  11:23  Colossus (Chrono Boost)  
  128  11:29  Sentry, Zealot x5  
  128  11:30  Robotics Facility  
  140  11:35  Zealot x4  
  148  11:41  Photon Cannon  
  145  12:02  Zealot x2  
  145  12:04  Photon Cannon  
  145  12:05  Shield Battery  
  145  12:08  Observer  
  150  12:17  Colossus  
  150  12:19  Dark Shrine  
  150  12:20  Zealot x8  
  168  12:34  Stalker  
  168  12:35  Stalker  
  170  12:41  Stalker x5  
  170  12:42  Stalker x2  
  170  12:43  Zealot  
  180  13:01  Sentry x2  
  180  13:04  Gateway  
  180  13:05  Zealot  
  180  13:06  Zealot x7  
  180  13:10  Gateway x2  
  196  13:13  Gateway  
  192  13:33  Zealot x10  
  170  13:52  Nexus  
  170  13:53  Zealot x6  
  170  13:54  Zealot x4  

Tags
 
Add a new tag
Caveats
  • Supply blocks, unpowered buildings, or Contaminate may cause inaccurate times.
  • Supply counts are checked every 10 seconds.